TOP OF THE 1ST |
Detroit Dirty Snow batting - Pitching for Pensacola Pilots : LHP António Dávila
|
Pitching: LHP António Dávila
|
|
Batting: SHB Bob Noble
|
0-0: Foul Ball, location: 2F 0-1: Ball 1-1: Called Strike 1-2: Strikes out looking
|
Batting: RHB Cristo Souza
|
0-0: Called Strike 0-1: Called Strike 0-2: Ball 1-2: Ground out 1-3 (Groundball, 15S)
|
Batting: LHB Eric Powell
|
0-0: Ball 1-0: Called Strike 1-1: Foul Ball, location: 2F 1-2: Strikes out swinging
|
Top of the 1st over - 0 run(s), 0 hit(s), 0 error(s), 0 left on base; Detroit 0 - Pensacola 0 |
BOTTOM OF THE 1ST |
Pensacola Pilots batting - Pitching for Detroit Dirty Snow : RHP Frank Davis
|
Pitching: RHP Frank Davis
|
|
Batting: RHB Leopoldo Horgan
|
0-0: Swinging Strike 0-1: Ball 1-1: Ball 2-1: Ball 3-1: Called Strike 3-2: Foul Ball, location: 2F 3-2: Strikes out looking
|
Batting: LHB Nick Gamble
|
0-0: Ball 1-0: Foul Ball, location: 2F 1-1: Called Strike 1-2: SINGLE (Flyball, 7S)
|
Batting: LHB Alan McGilroy
|
0-0: Called Strike 0-1: Foul Ball, location: 2F 0-2: DOUBLE (Flyball, 7D) Nick Gamble to third Runner from 3rd tries for Home, SAFE, no throw or cutoff
|
Batting: RHB José Cordero
|
0-0: Ball 1-0: Foul Ball, location: 2F 1-1: Fly out, F3 (Popup, 3SF)
|
Batting: RHB José Velázquez
|
0-0: Called Strike 0-1: Swinging Strike 0-2: Foul Ball, location: 2F 0-2: Ball 1-2: Ball 2-2: Strikes out swinging
|
Bottom of the 1st over - 1 run(s), 2 hit(s), 0 error(s), 1 left on base; Detroit 0 - Pensacola 1 |
TOP OF THE 2ND |
Detroit Dirty Snow batting - Pitching for Pensacola Pilots : LHP António Dávila
|
Batting: SHB Tim Reid
|
0-0: Ball 1-0: Ball 2-0: Called Strike 2-1: Ball 3-1: Foul Ball, location: 2F 3-2: Base on Balls
|
Batting: RHB Arturo Jiménez
|
0-0: Called Strike 0-1: Fly out, F9 (Flyball, 9LM)
|
Batting: RHB Manny Perea
|
0-0: Grounds into double play, 6-4-3 (Groundball, 6)
|
Top of the 2nd over - 0 run(s), 0 hit(s), 0 error(s), 0 left on base; Detroit 0 - Pensacola 1 |
BOTTOM OF THE 2ND |
Pensacola Pilots batting - Pitching for Detroit Dirty Snow : RHP Frank Davis
|
Batting: RHB Peter Bishop
|
0-0: Swinging Strike 0-1: Ball 1-1: Called Strike 1-2: Strikes out swinging
|
Batting: RHB Miguel Mendoza
|
0-0: Ground out 5-3 (Groundball, 5S)
|
Batting: RHB Jonny Lord
|
0-0: Called Strike 0-1: Foul Ball, location: 2F 0-2: Ball 1-2: Ball 2-2: Foul Ball, location: 2F 2-2: Ground out 6-3 (Groundball, 56)
|
Bottom of the 2nd over - 0 run(s), 0 hit(s), 0 error(s), 0 left on base; Detroit 0 - Pensacola 1 |
TOP OF THE 3RD |
Detroit Dirty Snow batting - Pitching for Pensacola Pilots : LHP António Dávila
|
Batting: RHB Charlie O'Farrell
|
0-0: Called Strike 0-1: Ball 1-1: Ground out 1-3 (Groundball, 13S)
|
Batting: SHB Alan Garland
|
0-0: Swinging Strike 0-1: Bunt for hit - play at first, batter OUT! 1-3
|
Batting: RHB Phil Wright
|
0-0: Fly out, F5 (Line Drive, 5L)
|
Top of the 3rd over - 0 run(s), 0 hit(s), 0 error(s), 0 left on base; Detroit 0 - Pensacola 1 |
BOTTOM OF THE 3RD |
Pensacola Pilots batting - Pitching for Detroit Dirty Snow : RHP Frank Davis
|
Batting: LHB Jorge Silva
|
0-0: Foul Ball, location: 2F 0-1: Ball 1-1: Ball 2-1: Swinging Strike 2-2: Strikes out swinging
|
Batting: RHB Leopoldo Horgan
|
0-0: Fly out, F4 (Popup, 89S)
|
Batting: LHB Nick Gamble
|
0-0: Called Strike 0-1: Ball 1-1: Ball 2-1: Called Strike 2-2: Ball 3-2: SINGLE (Flyball, 89S)
|
Batting: LHB Alan McGilroy
|
0-0: Called Strike 0-1: Ball 1-1: Swinging Strike 1-2: Ball 2-2: Ball 3-2: Ground out 4-3 (Groundball, 4M)
|
Bottom of the 3rd over - 0 run(s), 1 hit(s), 0 error(s), 1 left on base; Detroit 0 - Pensacola 1 |
TOP OF THE 4TH |
Detroit Dirty Snow batting - Pitching for Pensacola Pilots : LHP António Dávila
|
Batting: SHB Bob Noble
|
0-0: Called Strike 0-1: DOUBLE (Line Drive, 7LM)
|
Batting: RHB Cristo Souza
|
0-0: Called Strike 0-1: Ball 1-1: Ball 2-1: Foul Ball, location: 2F 2-2: SINGLE (Line Drive, 34) Bob Noble to third Runner from 3rd tries for Home, throw and OUT!
|
Batting: LHB Eric Powell
|
0-0: Ball 1-0: Ball 2-0: Called Strike 2-1: Ball 3-1: Base on Balls Cristo Souza to second
|
Batting: SHB Tim Reid
|
0-0: Ball 1-0: Foul Ball, location: 2F 1-1: Swinging Strike 1-2: Foul Ball, location: 2F 1-2: SINGLE (Groundball, 34D) Cristo Souza to third Eric Powell to second Runner from 3rd tries for Home, SAFE, throw made home Eric Powell to third Tim Reid to second
|
Now in RF: Ken Austin
|
|
Batting: RHB Arturo Jiménez
|
0-0: Ball 1-0: Ball 2-0: Ball 3-0: Called Strike 3-1: Base on Balls
|
Batting: RHB Manny Perea
|
0-0: Ball 1-0: Foul Ball, location: 2F 1-1: Ball 2-1: Fly out, F4 (Popup, 9LSF)
|
Batting: RHB Charlie O'Farrell
|
0-0: Ball 1-0: Foul Ball, location: 2F 1-1: Swinging Strike 1-2: Strikes out swinging
|
Top of the 4th over - 1 run(s), 3 hit(s), 0 error(s), 3 left on base; Detroit 1 - Pensacola 1 |
BOTTOM OF THE 4TH |
Pensacola Pilots batting - Pitching for Detroit Dirty Snow : RHP Frank Davis
|
Batting: SHB Ken Austin
|
0-0: Swinging Strike 0-1: Swinging Strike 0-2: Ball 1-2: Ball 2-2: Strikes out swinging
|
Batting: RHB José Velázquez
|
0-0: Ball 1-0: Called Strike 1-1: Ball 2-1: Foul Ball, location: 2F 2-2: Foul Ball, location: 2F 2-2: Foul Ball, location: 2F 2-2: Ball 3-2: SINGLE (Line Drive, 78S)
|
Batting: RHB Peter Bishop
|
0-0: Grounds into double play, 1-4-3 (Groundball, 13)
|
Bottom of the 4th over - 0 run(s), 1 hit(s), 0 error(s), 0 left on base; Detroit 1 - Pensacola 1 |
TOP OF THE 5TH |
Detroit Dirty Snow batting - Pitching for Pensacola Pilots : LHP António Dávila
|
Batting: SHB Alan Garland
|
0-0: Ball 1-0: Fly out, F2 (Popup, 2RF)
|
Batting: RHB Phil Wright
|
0-0: Called Strike 0-1: Foul Ball, location: 2F 0-2: Ground out 6-3 (Groundball, 56)
|
Batting: SHB Bob Noble
|
0-0: Foul Ball, location: 2F 0-1: Fly out, F7 (Flyball, 7M)
|
Top of the 5th over - 0 run(s), 0 hit(s), 0 error(s), 0 left on base; Detroit 1 - Pensacola 1 |
BOTTOM OF THE 5TH |
Pensacola Pilots batting - Pitching for Detroit Dirty Snow : RHP Frank Davis
|
Batting: RHB Miguel Mendoza
|
0-0: Called Strike 0-1: Foul Ball, location: 2F 0-2: SINGLE (Line Drive, 8LS)
|
Batting: RHB Jonny Lord
|
0-0: Called Strike 0-1: Ball 1-1: Foul Ball, location: 2F 1-2: Strikes out swinging
|
Batting: LHB Jorge Silva
|
0-0: Ball 1-0: Ball Miguel Mendoza steals 2nd base 2-0: Called Strike 2-1: Swinging Strike 2-2: Ball 3-2: SINGLE (Groundball, 4M) Miguel Mendoza to third Runner from 3rd tries for Home, SAFE, no throw or cutoff
|
Batting: RHB Leopoldo Horgan
|
0-0: Called Strike 0-1: Swinging Strike 0-2: Foul Ball, location: 2F 0-2: Ball 1-2: Strikes out swinging
|
Batting: LHB Nick Gamble
|
0-0: Ball 1-0: Ball 2-0: Fly out, F8 (Flyball, 8LD)
|
Bottom of the 5th over - 1 run(s), 2 hit(s), 0 error(s), 1 left on base; Detroit 1 - Pensacola 2 |
TOP OF THE 6TH |
Detroit Dirty Snow batting - Pitching for Pensacola Pilots : LHP António Dávila
|
Batting: RHB Cristo Souza
|
0-0: Ball 1-0: Ball 2-0: Called Strike 2-1: Ball 3-1: Base on Balls
|
Batting: LHB Eric Powell
|
0-0: SINGLE (Groundball, 4M) Cristo Souza to second
|
Batting: SHB Tim Reid
|
0-0: Called Strike 0-1: DOUBLE (Line Drive, 7LS) Cristo Souza scores Eric Powell to third
|
Batting: RHB Arturo Jiménez
|
0-0: Ball 1-0: Ball 2-0: Foul Ball, location: 2F 2-1: Ball 3-1: Base on Balls
|
Batting: RHB Manny Perea
|
0-0: SINGLE (Line Drive, 6MD) Eric Powell scores Tim Reid to third Arturo Jiménez to second
|
Batting: RHB Charlie O'Farrell
|
0-0: Ball 1-0: Ball 2-0: Grounds into double play, 6-4-3 (Groundball, 56) Tim Reid scores Arturo Jiménez to third
|
Batting: SHB Alan Garland
|
0-0: Fly out, F9 (Flyball, 9D)
|
Top of the 6th over - 3 run(s), 3 hit(s), 0 error(s), 1 left on base; Detroit 4 - Pensacola 2 |
BOTTOM OF THE 6TH |
Pensacola Pilots batting - Pitching for Detroit Dirty Snow : RHP Frank Davis
|
Pitching: RHP Benjamin Hutchison
|
|
Batting: LHB Alan McGilroy
|
0-0: Called Strike 0-1: Foul Ball, location: 2F 0-2: Strikes out swinging
|
Batting: SHB Ken Austin
|
0-0: Called Strike 0-1: Ball 1-1: SINGLE (Line Drive, 6M)
|
Batting: RHB José Velázquez
|
0-0: Swinging Strike 0-1: Foul Ball, location: 2F 0-2: Strikes out swinging
|
Batting: RHB Peter Bishop
|
0-0: Called Strike 0-1: Ball 1-1: Foul Ball, location: 2F 1-2: Strikes out swinging
|
Bottom of the 6th over - 0 run(s), 1 hit(s), 0 error(s), 1 left on base; Detroit 4 - Pensacola 2 |
TOP OF THE 7TH |
Detroit Dirty Snow batting - Pitching for Pensacola Pilots : LHP António Dávila
|
Batting: RHB Phil Wright
|
0-0: DOUBLE (Line Drive, 9LS)
|
Batting: SHB Bob Noble
|
0-0: Intentional Walk
|
Pitching: RHP Manuel Cadenas
|
|
Batting: RHB Cristo Souza
|
0-0: Fly out, F9 (Flyball, 9M)
|
Batting: LHB Eric Powell
|
0-0: Ball Phil Wright steals 3rd base Bob Noble to second 1-0: SINGLE (Line Drive, 4D) Phil Wright scores Bob Noble to third Runner from 3rd tries for Home, SAFE, no throw or cutoff
|
Batting: SHB Tim Reid
|
0-0: Ball 1-0: Ball 2-0: Called Strike 2-1: Foul Ball, location: 2F 2-2: Ball 3-2: Fly out, F8 (Flyball, 8RM)
|
Batting: RHB Arturo Jiménez
|
0-0: Foul Ball, location: 2F 0-1: Ground out 4-3 (Groundball, 4)
|
Top of the 7th over - 2 run(s), 2 hit(s), 0 error(s), 1 left on base; Detroit 6 - Pensacola 2 |
BOTTOM OF THE 7TH |
Pensacola Pilots batting - Pitching for Detroit Dirty Snow : RHP Benjamin Hutchison
|
Batting: RHB Miguel Mendoza
|
0-0: Ground out 1-3 (Groundball, 13)
|
Batting: RHB Jonny Lord
|
0-0: Ball 1-0: SINGLE (Groundball, 34)
|
Batting: LHB Jorge Silva
|
0-0: Foul Ball, location: 2F 0-1: Ball 1-1: Ball 2-1: Fly out, F7 (Flyball, 7M)
|
Batting: RHB Leopoldo Horgan
|
0-0: Called Strike Jonny Lord steals 2nd base 0-1: Ball 1-1: Swinging Strike 1-2: Ball 2-2: Ball 3-2: Base on Balls
|
Batting: LHB Nick Gamble
|
0-0: Called Strike 0-1: Foul Ball, location: 2F 0-2: Foul Ball, location: 2F 0-2: Foul Ball, location: 2F 0-2: Strikes out swinging
|
Bottom of the 7th over - 0 run(s), 1 hit(s), 0 error(s), 2 left on base; Detroit 6 - Pensacola 2 |
TOP OF THE 8TH |
Detroit Dirty Snow batting - Pitching for Pensacola Pilots : RHP Manuel Cadenas
|
Batting: RHB Manny Perea
|
0-0: Called Strike 0-1: Foul Ball, location: 2F 0-2: Ball 1-2: Ball 2-2: Ball 3-2: Base on Balls
|
Batting: RHB Charlie O'Farrell
|
0-0: Ball 1-0: Ball 2-0: Called Strike 2-1: DOUBLE (Flyball, 8LM) Manny Perea to third
|
Batting: SHB Alan Garland
|
0-0: Intentional Walk
|
Batting: RHB Phil Wright
|
0-0: Grounds into double play, 6-4-3 (Groundball, 6) Manny Perea scores Charlie O'Farrell to third
|
Batting: SHB Bob Noble
|
0-0: Ball 1-0: Ball 2-0: Ball 3-0: Called Strike 3-1: Swinging Strike 3-2: Ground out 4-3 (Groundball, 34)
|
Top of the 8th over - 1 run(s), 1 hit(s), 0 error(s), 1 left on base; Detroit 7 - Pensacola 2 |
BOTTOM OF THE 8TH |
Pensacola Pilots batting - Pitching for Detroit Dirty Snow : RHP Benjamin Hutchison
|
Pitching: RHP Leonard Christensen
|
|
Batting: LHB Alan McGilroy
|
0-0: Ball 1-0: Ball 2-0: SINGLE (Groundball, 34D)
|
Batting: SHB Ken Austin
|
0-0: Called Strike 0-1: Ball 1-1: Ball 2-1: Ball 3-1: SINGLE (Line Drive, 9LS) Alan McGilroy to second
|
Batting: RHB José Velázquez
|
0-0: Ball 1-0: Ball 2-0: DOUBLE (Flyball, 9LM) Alan McGilroy scores Ken Austin to third
|
Pitching: RHP Vaughn Stanley
|
|
Batting: RHB Peter Bishop
|
0-0: Ball 1-0: Ball 2-0: Called Strike 2-1: Ball 3-1: Called Strike 3-2: Strikes out looking
|
Batting: RHB Miguel Mendoza
|
0-0: Foul Ball, location: 2F 0-1: Ball 1-1: Called Strike 1-2: Ball 2-2: Strikes out swinging
|
Batting: RHB Jonny Lord
|
0-0: Swinging Strike 0-1: Ball 1-1: Foul Ball, location: 2F 1-2: Strikes out looking
|
Bottom of the 8th over - 1 run(s), 3 hit(s), 0 error(s), 2 left on base; Detroit 7 - Pensacola 3 |
TOP OF THE 9TH |
Detroit Dirty Snow batting - Pitching for Pensacola Pilots : RHP Manuel Cadenas
|
Batting: RHB Cristo Souza
|
0-0: Called Strike 0-1: Called Strike 0-2: Ball 1-2: Ball 2-2: Foul Ball, location: 2F 2-2: Foul Ball, location: 2F 2-2: Ball 3-2: Base on Balls
|
Batting: LHB Eric Powell
|
0-0: Ball 1-0: DOUBLE (Flyball, 7LD) Cristo Souza to third
|
Batting: SHB Tim Reid
|
0-0: Intentional Walk
|
Batting: RHB Arturo Jiménez
|
0-0: Foul Ball, location: 2F 0-1: Ball 1-1: Fly out, F9 (Flyball, 89M) Runner from 3rd tags up, SCORES, throw made
|
Batting: RHB Manny Perea
|
0-0: Ball Eric Powell steals 3rd base Tim Reid to second 1-0: DOUBLE (Line Drive, 5L) Eric Powell scores Tim Reid scores
|
Pitching: RHP Javier Gómes
|
|
Batting: RHB Charlie O'Farrell
|
0-0: Ball 1-0: Ball 2-0: Ground out 5-3 (Groundball, 5)
|
Batting: SHB Alan Garland
|
0-0: Ball 1-0: Ball 2-0: Called Strike 2-1: Foul Ball, location: 2F 2-2: Ball 3-2: Foul Ball, location: 2F 3-2: Foul Ball, location: 2F 3-2: Fly out, F8 (Flyball, 8LXD)
|
Top of the 9th over - 3 run(s), 2 hit(s), 0 error(s), 1 left on base; Detroit 10 - Pensacola 3 |
BOTTOM OF THE 9TH |
Pensacola Pilots batting - Pitching for Detroit Dirty Snow : RHP Vaughn Stanley
|
Batting: LHB Jorge Silva
|
0-0: Ball 1-0: Ball 2-0: Foul Ball, location: 2F 2-1: Ball 3-1: Ground out 4-3 (Groundball, 34)
|
Batting: RHB Leopoldo Horgan
|
0-0: SINGLE (Line Drive, 6MD)
|
Batting: LHB Nick Gamble
|
0-0: Called Strike 0-1: Ball 1-1: Foul Ball, location: 2F 1-2: Strikes out looking
|
Batting: LHB Alan McGilroy
|
0-0: Called Strike 0-1: SINGLE (Groundball, 34D) Leopoldo Horgan to second Throwing error, E9 Leopoldo Horgan scores Alan McGilroy to second
|
Batting: SHB Ken Austin
|
0-0: Called Strike 0-1: Fly out, F5 (Popup, 5F)
|
Bottom of the 9th over - 1 run(s), 2 hit(s), 1 error(s), 1 left on base; Detroit 10 - Pensacola 4 |
|